 Dungeon Crawl Stone Soup version 0.26-a0-835-g8259106e14 (webtiles) character file.

Game seed: 5186862412836000256

208 iamoutofideas the Ruffian (level 5, -8/48 HPs)
             Began as a Troll Hunter on Nov 17, 2020.
             Killed by nerve-wracking pain
             ... invoked by Grinder
              (14 damage)
             ... on level 2 of the Dungeon.
             The game lasted 00:03:00 (1612 turns).

iamoutofideas the Ruffian (Troll Hunter)            Turns: 1612, Time: 00:03:01

Health: -8/48      AC:  6    Str: 21    XL:     5   Next: 55%
Magic:  4/4        EV: 10    Int:  7    God:
Gold:   76         SH:  0    Dex: 10    Spells: 4/4 levels left

rFire    x . .     SeeInvis .     - Unarmed
rCold    + . .     Faith    .   (no shield)
rNeg     . . .     Spirit   .   b - +0 robe
rPois    .         Reflect  .   (helmet restricted)
rElec    .         Harm     .   (no cloak)
rCorr    .         Rampage  .   (gloves unavailable)
MR       .....                  (boots unavailable)
Stlth    +.........             (no amulet)
HPRegen  0.56/turn              a - ring of ice
MPRegen  0.09/turn              (no ring)

@: no status effects
A: large, unfitting armour, claws 3, regeneration 1, shaggy fur 1, tough skin 3
a: no special abilities


You were on level 2 of the Dungeon.
You visited 1 branch of the dungeon, and saw 3 of its levels.

You collected 76 gold pieces.

Inventory:

Missiles
 c - 5 large rocks (quivered)
 d - 3 throwing nets
 j - 10 poisoned darts
Armour
 b - a +0 robe (worn)
Jewellery
 a - a ring of ice (left claw)
 k - a +6 ring of dexterity
Scrolls
 g - a scroll of teleportation {unknown}
 i - 2 scrolls of remove curse {unknown}
Potions
 e - a potion of flight {unknown}
 f - a potion of might {unknown}
 l - a potion of attraction {unknown}


   Skills:
 - Level 1.5 Fighting
 - Level 3.6 Throwing
 - Level 1.5 Dodging
 - Level 0.3 Stealth
 + Level 5.4 Unarmed Combat


You had 4 spell levels left.
You didn't know any spells.
Your spell library was empty.

Dungeon Overview and Level Annotations

Branches:
Dungeon (3/15)

Altars:

Annotations:
D:2 Grinder


Innate Abilities, Weirdness & Mutations

You are too large for most types of armour.
You have claws for hands.
Your natural rate of healing is unusually fast.
You are covered in fur. (AC +1)
You have extremely tough skin. (AC +3)


Message History

The gnoll hits you from afar with a +0 spear.
* * * LOW HITPOINT WARNING * * *
Grinder completely misses you. The ooze hits you.
* * * LOW HITPOINT WARNING * * *
The gnoll hits you from afar with a +0 spear.
* * * LOW HITPOINT WARNING * * *
Grinder gestures at you.
You barely resist. The ooze hits you but does no damage.
You feel better. The kobold hits you but does no damage.
The gnoll hits you but does no damage. Grinder gestures at you.
Pain shoots through your body!
* * * LOW HITPOINT WARNING * * *
The ooze hits you.
* * * LOW HITPOINT WARNING * * *
Grinder blinks!
The gnoll barely misses you. The ooze hits you but does no damage.
Grinder gestures at you. Pain shoots through your body!
You die...

########## #######
.........## #.....#
.^.....#..# #.###.#
.......##.######@###.#
.......##.##...K.#...#
..<#'###...#..J5.#.###
...........ยง..>g.#.#
.....###.........#.#
...### #...).....#.#
...# ####)##.....#
...# #.#...####
#'#########....##


You could see Grinder, a gnoll, an ooze and a kobold.

Vanquished Creatures
  Terence (D:2)
  4 gnolls (D:2)
  6 adders (D:2)
  4 worms (D:2)
  5 dart slugs
  3 leopard geckos (D:1)
  A bat (D:2)
  5 giant cockroaches
  10 goblins
  5 hobgoblins
  8 jackals
  7 kobolds
  A quokka (D:2)
  A ball python (D:2)
  A frilled lizard (D:2)
  7 rats
69 creatures vanquished.

Notes
Turn   | Place    | Note
-------+----------+-------------------------------------------
     0 | D:1      | iamoutofideas the Troll Hunter began the quest for the Orb.
     0 | D:1      | Reached XP level 1. HP: 19/19 MP: 0/0
   115 | D:1      | Reached skill level 1 in Unarmed Combat
   170 | D:1      | Reached XP level 2. HP: 18/27 MP: 1/1
   213 | D:1      | Reached skill level 2 in Unarmed Combat
   375 | D:1      | Reached XP level 3. HP: 33/33 MP: 2/2
   681 | D:1      | Reached skill level 3 in Unarmed Combat
   775 | D:2      | Noticed Terence
   794 | D:2      | Killed Terence
   802 | D:2      | Reached XP level 4. HP: 6/41 MP: 3/3
   965 | D:2      | Reached skill level 4 in Unarmed Combat
  1240 | D:2      | Reached XP level 5. HP: 48/48 MP: 4/4
  1328 | D:2      | Reached skill level 5 in Unarmed Combat
  1593 | D:3      | Noticed Grinder
  1612 | D:2      | Killed from afar by Grinder

Illustrated notes

Levels and vault maps discovered:
D:1:      dpeg_arrival_more_subterranean_lakeside_camping, layout_loops_ring,
          minmay_liquid_box
D:2:      minmay_chambers_of_twos, layout_basic, uniq_terence
D:3:      minmay_angry_zag, layout_basic, okawaru_altar_gauntlet_db, uniq_robin,
          uniq_grinder

Skill      XL: |  1  2  3  4  5 |
---------------+----------------+-----
Unarmed Combat | 1 2 3 4 5 |  5.4
Fighting       | |  1.5
Throwing       | |  3.6
Dodging        | |  1.5
Stealth        | |  0.3

Action                   |  1- 3 |  4- 6 || total
-------------------------+-------+-------++-------
Melee: Unarmed           |   102 |   127 ||   229
       Punch             |       |     4 ||     4
  Use: Potion            |       |     2 ||     2
 Stab: Sleeping          |       |     1 ||     1
Armor: Robe              |    59 |    46 ||   105
Dodge: Dodged            |    81 |    73 ||   154

Table legend: (Time is in decaauts)
 A = Elapsed time spent in this place.
 B = Non-inter-level travel time spent in this place.
 C = Inter-level travel time spent in this place.
 D = Time resting spent in this place.
 E = Time spent auto-exploring this place.
 F = Levels seen in this place.
 G = Mean time per level.
                   A        B        C        D        E       F      G
               +--------+--------+--------+--------+--------+-----+--------+
         Total |   1598 |   1552 |     46 |     77 |   1076 |   3 |  532.7 |
       Dungeon |   1598 |   1552 |     46 |     77 |   1076 |   3 |  532.7 |
               +--------+--------+--------+--------+--------+-----+--------+

Top non-repeatable levels by time:
     D:2: 811 daAuts
     D:1: 775 daAuts
     D:3: 10 daAuts
